 Dungeon Crawl Stone Soup version 0.16-a0-3178-g2c88c44 (webtiles) character file.

183276 Miyamura the Imperceptible (level 17, -12/86 HPs)
             Began as a Spriggan Enchanter on Dec 15, 2014.
             Was a High Priest of Dithmenos.
             Drowned by a drowned soul (14 damage)
             ... summoned by a merfolk avatar
             ... on level 5 of the Shoals on Dec 16, 2014.
             The game lasted 03:19:26 (38052 turns).

Miyamura the Imperceptible (Spriggan Enchanter)    Turns: 38052, Time: 03:19:28

Health: -12/86     AC:  8    Str:  4    XL:     17   Next: 74%
Magic:  17/40      EV: 36    Int: 22    God:    Dithmenos [*****.]
Gold:   1943       SH:  7    Dex: 21    Spells: 10 memorised, 12 levels left

rFire  . . .     SeeInvis +     G - +7 dagger (elec)
rCold  + + +     Clarity  .     a - +4 skin of Zhor {rC+++}
rNeg   + . .     SustAb   .     M - +0 buckler {rPois}
rPois  +         Gourm    .     (helmet restricted)
rElec  .         Spirit   .     r - +1 cloak
rCorr  .         Warding  +     (gloves unavailable)
rMut   .         Stasis   .     (boots unavailable)
MR     ++...                    l - amulet of warding
Stlth  ++++++++++               S - ring "Fru Pro" {rPois Dex+3}
                                u - ring of wizardry

@: flying, mesmerised, wreathed by umbra, studying Dodging, very quick, very
resistant to hostile enchantments, uncannily stealthy
A: unfitting armour, see invisible, herbivore 3, speed 3, slow metabolism 2
a: Shadow Step, Shadow Form, Renounce Religion


You were on level 5 of the Shoals.
You worshipped Dithmenos.
Dithmenos was extremely pleased with you.
You were not hungry.

You visited 5 branches of the dungeon, and saw 33 of its levels.
You also visited: Labyrinth, Sewer, Bailey and Volcano.

You collected 3654 gold pieces.
You spent 1711 gold pieces at shops.

Inventory:

Hand weapons
 G - a +7 dagger of electrocution (weapon)
 K - a +2 lajatang of electrocution
Armour
 a - the +4 skin of Zhor (worn) {rC+++}
   (You acquired it on level 1 of the Lair of Beasts)

   It renders you almost immune to cold.
 r - a +1 cloak (worn)
 M - a +0 buckler of poison resistance (worn)
Jewellery
 c - an uncursed amulet of guardian spirit
 f - an uncursed ring of protection from fire
 g - an uncursed amulet of resist corrosion
 l - an amulet of warding (around neck)
 u - a ring of wizardry (left hand)
 x - an uncursed ring of invisibility
 S - the ring "Fru Pro" (right hand) {rPois Dex+3}
   (You found it in a labyrinth)

   [ring of poison resistance]

   It affects your dexterity (+3).
   It protects you from poison.
Magical devices
 n - a wand of polymorph (19)
 q - a wand of hasting (8)
 s - a wand of lightning (5)
 I - a wand of lightning (7)
 J - a wand of frost (19)
 O - a wand of confusion (22)
 T - a wand of digging (0)
Scrolls
 t - 7 scrolls of enchant armour
 v - 5 scrolls of vulnerability
 y - a scroll of magic mapping
 A - 3 scrolls of identify
 B - 6 scrolls of teleportation
 C - 5 scrolls of amnesia
 D - 5 scrolls of fog
 E - 4 scrolls of recharging
 F - 7 scrolls of remove curse
 L - 6 scrolls of blinking
 Q - a scroll of summoning
 Z - a scroll of fear
Potions
 b - a potion of brilliance
 h - 7 potions of agility
 i - a potion of flight
 j - 6 potions of restore abilities
 k - a potion of magic
 m - a potion of cure mutation
 o - 5 potions of heal wounds
 p - 3 potions of resistance
 w - 16 potions of curing
Books
 z - a book of Alchemy

   Spells                             Type                      Level
   a - Sublimation of Blood           Necromancy                   2
   b - Alistair's Intoxication        Transmutation/Poison         4
   c - Condensation Shield            Ice                          4
   d - Petrify                        Transmutation/Earth          4
   e - Ignite Poison                  Fire/Transmutation           5
   f - Irradiate                      Conjuration/Transmutation    5
 N - a manual of Dodging
Miscellaneous
 e - a crystal ball of energy
 U - a box of beasts
Comestibles
 d - 18 bread rations
 H - 23 fruits


   Skills:
 + Level 8.7 Fighting
 - Level 10.1 Short Blades
 + Level 19.3 Dodging
 + Level 21.3 Stealth
 + Level 2.9 Shields
 - Level 14.6 Spellcasting
 - Level 10.5 Hexes
 - Level 13.6 Charms
 + Level 4.8 Summonings
 - Level 6.6 Invocations
 - Level 8.7 Evocations


You had 12 spell levels left.
You knew the following spells:

 Your Spells              Type           Power        Failure   Level  Hunger
a - Apportation           Tloc           ###.......   1%          1    None
b - Blink                 Tloc           N/A          3%          2    None
c - Confuse               Hex            ######..     1%          3    None
d - Haste                 Chrm           ######..     1%          6    #####..
e - Repel Missiles        Chrm/Air       #####.       1%          2    None
f - Flight                Chrm/Air       #####.....   1%          3    None
g - Shadow Creatures      Summ           N/A          7%          5    ###....
i - Invisibility          Hex            ######..     4%          6    #####..
r - Regeneration          Chrm/Necr      #####.....   1%          3    None
z - Ensorcelled Hibernat  Hex/Ice        #####.       1%          2    None


Dungeon Overview and Level Annotations

Branches:
Dungeon (15/15)            Temple (1/1) D:5            Lair (8/8) D:9
 Shoals (5/5) Lair:4        Snake (0/5) Lair:4        Slime (0/6) Lair:6
    Orc (4/4) D:9             Elf (0/3) Orc:4        Vaults (0/5) D:13
 Depths (0/5) D:15

Altars:
Ashenzari
Cheibriados
Dithmenos
Elyvilon
Fedhas
Gozag
Kikubaaqudgha
Makhleb
Nemelex Xobeh
Okawaru
Qazlal
Ru
Sif Muna
Trog
Vehumet
Xom
Yredelemnul
Zin
The Shining One
Jiyva

Shops:
D:4 !   D:11 :   D:12 %   D:15 *   Orc:4 %!=[   Shoals:4 (

Portals:
Trove: D:10 (show abyssal rune of Zot)

Annotations:
D:11 exclusion: orange crystal statue
D:14 exclusion: Roxanne, Roxanne
Lair:6 runed door, exclusion: oklob plant


Innate Abilities, Weirdness & Mutations

You are tiny and cannot use many weapons and most armour.
You have supernaturally acute eyesight.
You are a herbivore.
You cover ground extremely quickly.
You need consume almost no food.


Message History

You hit the merfolk avatar.
There is a sudden explosion of sparks!
The merfolk avatar is moderately wounded.
The merfolk avatar chants its luring song.
The drowned soul touches you. The drowned soul drowns you!
You hit the merfolk avatar.
The merfolk avatar is moderately wounded.
The drowned soul tries to attack you, but flinches away.
You hit the merfolk avatar.
The merfolk avatar is moderately wounded.
The merfolk avatar chants its luring song.
The drowned soul touches you. The drowned soul drowns you!
* * * LOW HITPOINT WARNING * * *
You puncture the merfolk avatar!
There is a sudden explosion of sparks!
The merfolk avatar is severely wounded.
The drowned soul touches you.
* * * LOW HITPOINT WARNING * * *
The drowned soul drowns you!
* * * LOW HITPOINT WARNING * * *
The drowned soul touches you. The drowned soul drowns you!
You die...

...#≈≈≈≈≈#≈≈≈≈≈≈≈≈≈≈≈≈#
.).≈#≈≈≈#≈≈≈≈)≈≈≈≈≈≈≈≈#
.(##≈#≈#≈.≈≈≈≈≈≈≈≈≈≈≈≈#
≈..######....)≈≈≈≈≈≈≈≈#
≈≈..)## #####..≈≈≈≈≈≈≈#
≈≈≈≈..# ##.≈≈≈≈≈≈≈#
≈≈≈≈..### ##.≈≈≈≈≈≈≈≈#
≈≈≈≈≈≈..####..≈≈≈m≈≈≈≈#
≈≈≈≈≈≈≈......≈≈≈@≈≈≈≈≈#
≈≈≈≈≈≈≈≈≈≈≈≈≈≈≈≈≈≈≈≈≈≈#
≈≈≈≈≈≈≈≈≈≈≈≈≈≈≈≈≈≈≈≈≈≈#
≈≈≈≈≈≈≈≈≈≈≈≈≈≈≈≈≈≈≈≈≈≈#
≈≈≈≈≈≈≈≈≈≈≈≈≈≈≈≈≈≈≈≈≈≈#
≈.≈≈≈≈≈≈≈≈≈≈≈≈≈≈≈≈≈≈≈≈#
≈≈≈≈≈≈≈≈≈≈≈≈≈≈≈≈≈≈≈≈≈≈
≈≈≈≈≈≈≈≈≈≈≈≈≈≈≈≈≈≈≈≈≈
≈≈≈≈≈≈≈≈≈≈≈≈≈≈≈≈≈≈≈


You could see a merfolk avatar.

Vanquished Creatures
  Nikola (Shoals:1)
  A kraken (Shoals:5)
  Rupert (Shoals:1)
  2 tengu reavers (D:14)
  Ilsuiw (Shoals:5)
  Donald (Orc:4)
  Aizul (Shoals:5)
  An ettin (D:14)
  5 merfolk javelineers (Shoals:5)
  A minotaur (Lab)
  6 merfolk impalers
  Josephine (Orc:2)
  A fire dragon (D:15)
  An ogre mage (D:13)
  Fannar (D:15)
  An ice dragon (D:15)
  11 hydras
  An alligator snapping turtle (Shoals:5)
  6 centaur warriors
  A deep troll shaman (Lair:8)
  2 merfolk avatars
  14 merfolk aquamancers
  A deep troll earth mage (D:14)
  14 death yaks
  6 orc high priests (Orc:4)
  A catoblepas (Lair:8)
  A fire crab (Lair:8)
  A skeletal warrior (D:15)
  A deep elf knight (Bailey)
  10 sea snakes
  7 hill giants
  A lindwurm (Lair:8)
  A wolf spider zombie (D:15)
  18 harpies
  8 orc knights (Orc:4)
  11 griffons
  4 ugly things
  3 fauns (Shoals:1)
  4 cyclopes
  6 water nymphs
  14 elephants (Lair:8)
  10 manticores
  12 sirens
  A drowned soul (Shoals:4)
  2 gargoyles
  A red wasp (shapeshifter) (D:15)
  5 black mambas
  A torpor snail (Lair:3)
  11 spiny frogs
  4 fire drakes
  3 yaktaurs (Volcano)
  7 komodo dragons
  5 kobold demonologists
  3 trolls
  An efreet (D:11)
  A deep elf priest (Bailey)
  40 merfolk
  Sonja (D:15)
  6 wind drakes
  3 two-headed ogres
  A polar bear (Lair:8)
  18 blink frogs
  8 snapping turtles
  A boulder beetle (Lair:7)
  4 basilisks
  23 water elementals
  A shadow (D:15)
  3 fire bats (Volcano)
  A wyvern (D:13)
  7 deep elf magi
  34 yaks
  3 vampire mosquitoes (D:15)
  2 hungry ghosts
  8 wolves
  A steam dragon (D:11)
  18 hippogriffs
  3 deep elf fighters (Bailey)
  A mottled dragon (D:14)
  A warg (Orc:3)
  11 porcupines
  2 soldier ants (D:14)
  2 nagas (Lair:4)
  14 water moccasins
  3 black bears
  4 ogres
  A necrophage (D:10)
  8 centaurs
  3 ice beasts
  3 sky beasts
  32 orc warriors
  2 eyes of draining (D:15)
  6 crocodiles
  2 phantoms
  3 boring beetles
  Sigmund (D:3)
  Duvessa (Orc:1)
  9 big kobolds
  15 giant frogs
  2 wyvern zombies
  4 scorpions
  7 killer bees
  5 wights (D:13)
  5 electric eels
  Dowan (Orc:1)
  8 crimson imps
  A goliath beetle (D:10)
  26 orc priests
  3 centaur zombies
  4 lava snakes (Volcano)
  A quasit (D:7)
  2 giant frog zombies
  4 jellies
  Crazy Yiuf (D:3)
  3 centaur skeletons
  3 giant frog skeletons
  29 orc wizards
  8 hounds
  17 worker ants
  16 hell rats
  2 iguanas
  A troll simulacrum (Orc:2)
  2 sheep (D:8)
  Jessica (D:3)
  3 hound zombies
  A hound skeleton (D:6)
  A worker ant zombie (D:6)
  64 river rats
  An orc zombie (Orc:2)
  18 adders
  7 gnolls
  2 shadow imps
  2 giant mites
  A worm (D:3)
  5 giant geckos
  4 oozes
  177 orcs
  2 bat skeletons
  2 bat zombies
  23 goblins
  17 hobgoblins
  10 jackals
  32 kobolds
  16 bats
  5 giant cockroaches
  3 giant newts
  8 giant spores
  2 orc simulacra (Orc:2)
  2 orc skeletons (Orc:2)
  7 quokkas
  29 rats
  8 ballistomycetes
  A fungus (Lair:6)
1159 creatures vanquished.

Vanquished Creatures (others)
  11 drowned souls (Shoals:5)
  A fungus (Lair:8)
  7 plants (Lair:6)
  8 tentacles (Shoals:5)
27 creatures vanquished.

Grand Total: 1186 creatures vanquished

Notes
Turn   | Place    | Note
--------------------------------------------------------------
     0 | D:1      | Miyamura, the Spriggan Enchanter, began the quest for the Orb.
     0 | D:1      | Reached XP level 1. HP: 9/9 MP: 4/4
   435 | D:1      | Reached XP level 2. HP: 13/13 MP: 8/8
   614 | D:1      | Learned a level 2 spell: Ensorcelled Hibernation
  1201 | D:1      | Reached XP level 3. HP: 16/16 MP: 8/11
  1206 | D:1      | Learned a level 3 spell: Confuse
  1535 | D:2      | Reached skill level 5 in Stealth
  1650 | D:2      | Reached XP level 4. HP: 19/21 MP: 13/13
  1764 | D:2      | Found a deep blue altar of Sif Muna.
  2364 | D:3      | Noticed Crazy Yiuf
  2368 | D:3      | Killed Crazy Yiuf
  2408 | D:3      | Noticed Sigmund
  2422 | D:3      | Killed Sigmund
  2422 | D:3      | Reached XP level 5. HP: 24/24 MP: 14/17
  2462 | D:3      | Noticed Jessica
  2468 | D:3      | Killed Jessica
  2468 | D:3      | Reached skill level 6 in Stealth
  2740 | D:3      | Reached skill level 5 in Hexes
  3025 | D:4      | Found Kluxit's Distillery.
  3033 | D:4      | Reached XP level 6. HP: 28/28 MP: 17/20
  3041 | D:4      | Bought a potion of heal wounds for 70 gold pieces
  3041 | D:4      | Bought a potion of mutation for 35 gold pieces
  3144 | D:4      | Reached skill level 5 in Dodging
  3217 | D:4      | Found a shadowy altar of Dithmenos.
  3237 | D:4      | Became a worshipper of Dithmenos the Shadowed
  3815 | D:5      | Entered Level 5 of the Dungeon
  3824 | D:4      | Bought a potion of curing for 42 gold pieces
  3850 | D:5      | Found a glowing drain.
  3887 | Sewer    | Entered a sewer
  3973 | Sewer    | Reached XP level 7. HP: 32/32 MP: 7/22
  4160 | Sewer    | Found a white marble altar of Elyvilon.
  4269 | D:5      | Found a bloodstained altar of Trog.
  4282 | D:5      | Found a staircase to the Ecumenical Temple.
  4306 | D:5      | Learned a level 1 spell: Apportation
  4320 | Temple   | Entered the Ecumenical Temple
  4632 | D:5      | Reached skill level 7 in Stealth
  4917 | D:5      | Reached skill level 5 in Spellcasting
  5540 | D:6      | Reached skill level 8 in Stealth
  5540 | D:6      | Reached XP level 8. HP: 36/36 MP: 17/24
  5557 | D:6      | Found an iron altar of Okawaru.
  6090 | D:6      | Found a bloodstained altar of Trog.
  6659 | D:6      | Found a sacrificial altar of Ru.
  6836 | D:7      | Reached skill level 5 in Short Blades
  7089 | D:7      | Acquired Dithmenos' first power
  7148 | D:7      | Reached skill level 9 in Stealth
  7505 | D:8      | Reached XP level 9. HP: 39/39 MP: 27/27
  7920 | D:8      | Reached skill level 10 in Stealth
  8210 | D:8      | Noticed a three-headed hydra
  8270 | D:8      | Killed a three-headed hydra
  8438 | D:8      | Reached skill level 11 in Stealth
  8981 | D:9      | Reached XP level 10. HP: 39/44 MP: 26/29
  9019 | D:9      | Acquired Dithmenos' second power
  9030 | D:9      | Reached skill level 10 in Dodging
  9093 | D:9      | Found a staircase to the Lair.
  9264 | D:9      | Found a shimmering altar of Xom.
  9267 | D:9      | Found a sacrificial altar of Ru.
  9303 | D:9      | Identified the Catalogue of Good Luck and the Birds (You found it on level 9 of the Dungeon)
  9311 | D:9      | Learned a level 6 spell: Haste
  9314 | D:9      | Learned a level 2 spell: Repel Missiles
  9318 | D:9      | Learned a level 3 spell: Regeneration
  9395 | D:9      | Found a staircase to the Orcish Mines.
  9396 | D:9      | Reached skill level 1 in Charms
  9632 | D:9      | Found Zin's Purification Station.
  9637 | D:9      | Found a glowing silver altar of Zin.
  9643 | D:9      | Bought a potion of curing for 90 gold pieces
  9725 | D:9      | Found an opulent altar of Gozag.
  9726 | D:9      | Found a stormy altar of Qazlal.
  9729 | D:9      | Found a radiant altar of Vehumet.
  9730 | D:9      | Found an ancient bone altar of Kikubaaqudgha.
  9731 | D:9      | Found a shattered altar of Ashenzari.
  9779 | Lair:1   | Entered Level 1 of the Lair of Beasts
  9785 | Lair:1   | Reached skill level 1 in Fighting
 10239 | Lair:2   | Found a labyrinth entrance.
 10244 | Lair:2   | Reached skill level 1 in Evocations
 10264 | Lab      | Entered a labyrinth
 10743 | Lab      | Noticed a minotaur
 10750 | Lab      | Killed a minotaur
 10750 | Lab      | Reached skill level 12 in Stealth
 10752 | Lab      | Got a fine steel ring
 10753 | Lab      | Got a crystal blowgun
 10753 | Lab      | Got a scorched long sword
 10753 | Lab      | Got a slimy flail
 10755 | Lab      | Identified the +7 long sword of Generosity {flame, Dex+3} (You found it in a labyrinth)
 10756 | Lab      | Identified the cursed -2 blowgun of Intuition {evade, rC++} (You found it in a labyrinth)
 10758 | Lab      | Identified the cursed -2 flail "Sheham" {crush, -Cast Int+3} (You found it in a labyrinth)
 10764 | Lab      | Identified the ring "Fru Pro" {rPois Dex+3} (You found it in a labyrinth)
 10802 | Lair:2   | Found a dark tunnel.
 10811 | Volcano  | Entered a volcano
 10885 | Volcano  | Reached skill level 13 in Stealth
 10885 | Volcano  | Reached skill level 5 in Evocations
 10966 | Volcano  | Noticed a centaur warrior
 10972 | Volcano  | Killed a centaur warrior
 10972 | Volcano  | Reached XP level 11. HP: 49/49 MP: 27/31
 11046 | Volcano  | Found a bloodstained altar of Trog.
 11064 | Volcano  | Found a bloodstained altar of Trog.
 11123 | Lair:2   | Noticed a black mamba
 11129 | Lair:2   | Killed a black mamba
 11129 | Lair:2   | Reached skill level 14 in Stealth
 11244 | Lair:2   | Acquired Dithmenos' third power
 11749 | Lair:2   | Noticed a black mamba
 11756 | Lair:2   | Killed a black mamba
 13007 | Lair:3   | Noticed a death yak
 13010 | Lair:3   | Noticed a death yak
 13041 | Lair:3   | Killed a death yak
 13041 | Lair:3   | Reached skill level 15 in Stealth
 13056 | Lair:3   | Killed a death yak
 13300 | Lair:3   | Reached skill level 5 in Charms
 13600 | Lair:4   | Noticed a four-headed hydra
 13605 | Lair:4   | Killed a four-headed hydra
 13635 | Lair:4   | Reached XP level 12. HP: 56/56 MP: 32/32
 13641 | Lair:4   | Found a staircase to the Snake Pit.
 13960 | Lair:4   | Got a twisted arbalest
 13961 | Lair:4   | Identified the cursed -1 arbalest of Annoyance {velocity, Int+2} (You found it on level 4 of the Lair of Beasts)
 13975 | Lair:4   | Reached skill level 10 in Spellcasting
 14016 | Lair:4   | Found a staircase to the Shoals.
 14684 | Lair:5   | Noticed a six-headed hydra
 14687 | Lair:5   | Killed a six-headed hydra
 14923 | Lair:5   | Acquired Dithmenos' fourth power
 14959 | Lair:6   | Reached skill level 16 in Stealth
 15173 | Lair:6   | Noticed a five-headed hydra
 15176 | Lair:6   | Noticed a five-headed hydra
 15285 | Lair:6   | Killed a five-headed hydra
 15427 | Lair:6   | Reached skill level 5 in Fighting
 15438 | Lair:6   | Found a runed door.
 15439 | Lair:6   | Found a viscous altar of Jiyva.
 15447 | Lair:6   | Found a staircase to the Slime Pits.
 16223 | Lair:7   | Reached XP level 13. HP: 63/63 MP: 35/35
 16257 | Lair:7   | Noticed a seven-headed hydra
 16265 | Lair:7   | Killed a seven-headed hydra
 16368 | Lair:7   | Noticed a four-headed hydra
 16375 | Lair:7   | Killed a four-headed hydra
 16389 | Lair:7   | Noticed a seven-headed hydra
 16397 | Lair:7   | Killed a seven-headed hydra
 16694 | Lair:7   | Reached skill level 17 in Stealth
 16946 | Lair:8   | Entered Level 8 of the Lair of Beasts
 17045 | Lair:8   | Reached skill level 10 in Charms
 17378 | Lair:8   | Reached XP level 14. HP: 70/70 MP: 36/36
 18915 | Lair:8   | Got a glittering marble ring
 18917 | Lair:8   | Identified the ring of Noon {rPois Str+3 Dex+1} (You found it on level 8 of the Lair of Beasts)
 18959 | Lair:8   | Reached XP level 15. HP: 74/74 MP: 31/37
 19184 | Lair:8   | Upgraded the game from 0.16-a0-3159-g1b9e691 to 0.16-a0-3178-g2c88c44
 19257 | Lair:6   | Reached skill level 15 in Dodging
 19443 | Orc:1    | Entered Level 1 of the Orcish Mines
 19570 | Orc:1    | Noticed Duvessa
 19575 | Orc:1    | Killed Duvessa
 19576 | Orc:1    | Noticed Dowan
 19587 | Orc:1    | Killed Dowan
 19667 | Orc:1    | Found an ancient bone altar of Kikubaaqudgha.
 19912 | Orc:2    | Noticed Josephine
 19919 | Orc:2    | Found a radiant altar of Vehumet.
 20134 | Orc:2    | Killed Josephine
 20134 | Orc:2    | Reached skill level 18 in Stealth
 21426 | Orc:4    | Entered Level 4 of the Orcish Mines
 21426 | Orc:4    | Found a staircase to the Elven Halls.
 21540 | Orc:4    | Noticed Donald
 21544 | Orc:4    | Killed Donald
 21731 | Orc:4    | Found an iron altar of Okawaru.
 23565 | Orc:4    | Found Meptuch's Food Boutique.
 23565 | Orc:4    | Found Burynkau's Jewellery Boutique.
 23565 | Orc:4    | Found Groita's Antique Armour Boutique.
 23566 | Orc:4    | Found Yfunk's Distillery.
 23773 | Orc:4    | Bought a fine robe for 153 gold pieces
 23783 | Orc:4    | Identified the +2 robe of the Marlin {Str+3 Int+2} (You bought it in a shop on level 4 of the Orcish Mines)
 23784 | Orc:4    | Bought a potion of resistance for 180 gold pieces
 23784 | Orc:4    | Bought a potion of curing for 54 gold pieces
 23784 | Orc:4    | Bought a potion of curing for 54 gold pieces
 23784 | Orc:4    | Bought a potion of curing for 54 gold pieces
 23784 | Orc:4    | Bought a potion of curing for 54 gold pieces
 23784 | Orc:4    | Bought a potion of curing for 54 gold pieces
 23786 | Orc:4    | Bought 2 fruits for 42 gold pieces
 23786 | Orc:4    | Bought a bread ration for 70 gold pieces
 24341 | D:10     | Entered Level 10 of the Dungeon
 24483 | D:10     | Found a flagged portal.
 24497 | Bailey   | Entered a bailey
 25230 | D:10     | Found a portal to a secret trove of treasure.
 25828 | D:11     | Got a crystal flail
 26000 | D:11     | Identified the +6 flail of Amot Pus {elec, *Rage +Fly rPois rF++ rN+} (You found it on level 11 of the Dungeon)
 26259 | D:11     | Found Geocuip's Book Boutique.
 26482 | D:12     | Found a glowing golden altar of the Shining One.
 26827 | D:12     | Found Mipaapop's Food Emporium.
 26830 | D:12     | Bought a bread ration for 60 gold pieces
 26830 | D:12     | Bought a bread ration for 60 gold pieces
 26830 | D:12     | Bought 3 fruits for 54 gold pieces
 26830 | D:12     | Bought a bread ration for 60 gold pieces
 27064 | D:13     | Found a gate to the Vaults.
 27426 | D:13     | Reached skill level 19 in Stealth
 28156 | D:14     | Noticed Roxanne
 28165 | D:14     | Noticed a tengu reaver
 28180 | D:14     | Noticed a tengu reaver
 28189 | D:14     | Killed a tengu reaver
 28213 | D:14     | Killed a tengu reaver
 28213 | D:14     | Reached XP level 16. HP: 68/79 MP: 36/39
 28300 | D:14     | Learned a level 6 spell: Invisibility
 28580 | D:14     | Got a jewelled long sword
 28581 | D:14     | Identified the +2 long sword of the Key {freeze, rElec} (You found it on level 14 of the Dungeon)
 28800 | D:15     | Entered Level 15 of the Dungeon
 29254 | D:15     | Noticed Fannar
 29256 | D:15     | Killed Fannar
 29452 | D:15     | Found a staircase to the Depths.
 29596 | D:15     | Noticed Sonja
 29613 | D:15     | Killed Sonja
 29662 | D:15     | Found Fraemiq's Demolitions Depot.
 29835 | D:15     | Learned a level 2 spell: Blink
 30319 | Lair:1   | Learned a level 5 spell: Shadow Creatures
 30444 | Shoals:1 | Entered Level 1 of the Shoals
 30449 | Shoals:1 | Noticed Nikola
 30460 | Shoals:1 | Killed Nikola
 30588 | Shoals:1 | Reached skill level 10 in Short Blades
 31067 | Shoals:1 | Reached skill level 1 in Summonings
 31076 | Shoals:1 | Reached skill level 20 in Stealth
 31266 | Shoals:1 | Noticed Rupert
 31271 | Shoals:1 | Killed Rupert
 32042 | Lair:1   | Identified a scroll of acquirement
 32131 | D:11     | Bought a book of Air for 525 gold pieces
 32135 | D:11     | Learned a level 3 spell: Flight
 32837 | Shoals:2 | Reached skill level 10 in Hexes
 34083 | Shoals:4 | Found Wuyckusu's Antique Weapon Boutique.
 34122 | Shoals:4 | Reached XP level 17. HP: 85/85 MP: 40/40
 35013 | Shoals:5 | Entered Level 5 of the Shoals
 35129 | Shoals:5 | Noticed Aizul
 35138 | Shoals:5 | Killed Aizul
 35284 | Shoals:5 | Reached skill level 1 in Shields
 35594 | Shoals:5 | Got a vibrating granite ring
 35600 | Shoals:5 | Identified the ring of Forpher {+cTele Str-4 Int+4} (You found it on level 5 of the Shoals)
 35655 | Shoals:5 | Noticed Ilsuiw
 36156 | Shoals:5 | Reached skill level 21 in Stealth
 37019 | Shoals:5 | Killed Ilsuiw
 38052 | Shoals:5 | HP: 2/86 [drowned by a drowned soul[a merfolk avatar] (16)]
 38052 | Shoals:5 | Drowned by a drowned soul

Action                   |  1- 3 |  4- 6 |  7- 9 | 10-12 | 13-15 | 16-18 || total
-------------------------+-------+-------+-------+-------+-------+-------++-------
Melee: Dagger            |   110 |   141 |   309 |   394 |   792 |   655 ||  2401
 Cast: Ensorcelled Hiber |    10 |    29 |    60 |    74 |   101 |   113 ||   387
       Corona            |     5 |       |       |       |       |       ||     5
       Confuse           |       |     6 |    49 |    40 |    57 |   149 ||   301
       Repel Missiles    |       |       |       |     1 |     1 |     1 ||     3
       Haste             |       |       |       |       |     1 |     4 ||     5
       Flight            |       |       |       |       |       |    63 ||    63
       Blink             |       |       |       |       |       |     7 ||     7
       Regeneration      |       |       |       |       |       |    18 ||    18
       Invisibility      |       |       |       |       |       |     5 ||     5
       Shadow Creatures  |       |       |       |       |       |     3 ||     3
Invok: Shadow Step       |       |       |       |     2 |    10 |     9 ||    21
 Abil: Evoke Invisibilit |       |       |       |    12 |    29 |     4 ||    45
Evoke: Wand              |       |       |     8 |       |     7 |     8 ||    23
  Use: Scroll            |     2 |     8 |     4 |    23 |    14 |    16 ||    67
       Potion            |       |       |     1 |     1 |     1 |     2 ||     5
 Stab: Sleeping          |    16 |    33 |    73 |   168 |   290 |   162 ||   742
       Confused          |       |     3 |    24 |    28 |    31 |    43 ||   129
       Distracted        |       |       |     1 |     1 |     9 |     1 ||    12
       Invisible         |       |       |       |    25 |    42 |     5 ||    72
  Eat: Pizza             |       |     1 |     1 |     7 |     4 |     1 ||    14
       Bread ration      |       |       |     1 |       |       |       ||     1
       Fruit             |       |       |       |     1 |    18 |    15 ||    34
       Royal jelly       |       |       |       |       |     1 |     1 ||     2
